Map: Orbital Depot

Players

Loken - Winner!

  • Race: Zerg Zerg
  • League: Platinum
  • Spawn Location: 9:00

dallaskuken - Winner!

  • Race: Protoss Protoss
  • League: Platinum
  • Spawn Location: 9:00

TimeTwist - Winner!

  • Race: Zerg Zerg
  • Spawn Location: 7:00

Асгард

  • Race: Protoss Protoss
  • League: Gold
  • Spawn Location: 3:00

sayonara

  • Race: Terran Terran
  • League: Gold
  • Spawn Location: 3:00

CRT

  • Race: Protoss Protoss
  • League: Gold
  • Spawn Location: 1:00

VOD

Have the link to the VOD?

Description

Time

  • Played on: March 22, 2017, 3:36 a.m.
  • Length: 13:16
Show
View Real Time Build Order
Export as new Build Order

Loken Zerg - Winner!

Build Orders: Hatch First 

Get SALT Encoding   

  12  0:01  Drone  
  13  0:09  Drone  
  14  0:18  Overlord  
  14  0:37  Drone x2  
  14  0:38  Drone  
  17  0:58  Drone  
  17  1:02  Drone  
  19  1:04  Hatchery  
  19  1:11  Drone  
  19  1:14  Extractor  
  18  1:19  Extractor  
  18  1:21  Drone  
  18  1:35  Overlord  
  18  1:45  Spawning Pool  
  18  1:46  Drone  
  18  1:57  Drone  
  19  2:05  Drone  
  20  2:15  Drone  
  21  2:22  Drone  
  22  2:26  Drone  
  23  2:32  Queen x2  
  23  2:34  Metabolic Boost  
  23  2:36  Drone  
  28  2:40  Drone x2  
  30  2:46  Zergling x2  
  31  2:57  Overlord  
  31  3:02  Roach Warren  
  30  3:14  Overlord  
  30  3:17  Drone x3  
  33  3:25  Zergling x2  
  34  3:52  Zergling x20  
  44  4:05  Zergling x4  
  44  4:08  Queen  
  44  4:09  Queen  
  48  4:13  Extractor  
  48  4:15  Extractor  
  48  4:16  Drone  
  49  4:17  Drone x3  
  49  4:20  Spore Crawler  
  51  4:25  Overlord  
  51  4:27  Overlord  
  50  4:52  Drone  
  50  4:53  Drone x8  
  46  5:23  Hatchery  
  45  5:29  Drone  
  45  5:30  Drone x4  
  50  5:37  Zergling x2  
  50  5:38  Zergling x10  
  56  5:46  Hatchery  
  55  5:53  Pneumatized Carapace  
  55  5:55  Lair  
  55  5:58  Spore Crawler  
  55  6:01  Zergling x12  
  60  6:14  Zergling x2  
  60  6:15  Zergling x6  
  64  6:22  Overlord x2  
  64  6:30  Evolution Chamber  
  64  6:32  Evolution Chamber  
  62  6:51  Zergling x4  
  62  6:52  Zergling x16  
  72  7:07  Infestation Pit  
  72  7:08  Zerg Melee Weapons Level 1, Zerg Ground Armor Level 1  
  71  7:11  Zergling x2  
  71  7:12  Zergling x6  
  75  7:16  Zergling x2  
  75  7:17  Zergling x8  
  80  7:50  Zergling x2  
  80  7:51  Zergling x16  
  69  8:22  Hive  
  69  8:23  Zergling x2  
  69  8:24  Zergling x22  
  71  8:50  Zergling x18  
  80  9:04  Zergling x2  
  80  9:05  Zergling x10  
  84  9:21  Zerg Melee Weapons Level 2  
  84  9:22  Zerg Ground Armor Level 2  
  67  9:46  Drone x2  
  67  9:47  Drone x14  
  83  10:00  Adrenal Glands  
  83  10:10  Spire  
  83  10:13  Zergling x2  
  84  10:14  Zergling x22  
  76  10:53  Overlord x3  
  76  10:54  Overlord x3  
  72  11:07  Zergling x6  
  72  11:08  Zergling x28  
  72  11:10  Extractor  
  88  11:12  Extractor  
  87  11:24  Hatchery  
  86  11:28  Hatchery  
  86  11:31  Hatchery  
  59  11:59  Mutalisk x4  
  59  12:00  Mutalisk x14  
  91  12:41  Mutalisk  
  91  12:42  Mutalisk x11  
Show
View Real Time Build Order
Export as new Build Order

dallaskuken Protoss - Winner!

Build Orders: Oracle Opening 

Get SALT Encoding   

  12  0:01  Probe (Chrono Boost)  
  13  0:12  Probe (Chrono Boost)  
  14  0:18  Pylon  
  14  0:23  Probe (Chrono Boost)  
  15  0:36  Probe (Chrono Boost)  
  16  0:46  Gateway  
  16  0:47  Probe (Chrono Boost)  
  17  0:57  Probe (Chrono Boost)  
  18  1:08  Probe (Chrono Boost)  
  19  1:16  Assimilator  
  20  1:18  Probe (Chrono Boost)  
  20  1:19  Pylon  
  20  1:29  Probe (Chrono Boost)  
  21  1:36  Cybernetics Core  
  21  1:39  Probe (Chrono Boost)  
  22  1:46  Assimilator  
  22  1:48  Zealot  
  22  1:50  Probe (Chrono Boost)  
  25  1:59  Pylon  
  25  2:00  Probe (Chrono Boost)  
  26  2:11  Probe (Chrono Boost)  
  26  2:13  Warp Gate  
  27  2:19  Stalker  
  27  2:21  Probe (Chrono Boost)  
  30  2:32  Probe (Chrono Boost)  
  31  2:45  Stargate, Probe (Chrono Boost)  
  32  3:07  Pylon  
  32  3:08  Pylon  
  32  3:28  Nexus  
  32  3:31  Pylon  
  32  3:35  Oracle  
  35  3:45  Forge  
  29  4:04  Stalker  
  29  4:26  Photon Cannon  
  29  4:27  Photon Cannon  
  28  4:50  Void Ray  
  29  5:05  Gateway  
  29  5:08  Gateway x2  
  30  5:21  Probe (Chrono Boost)  
  30  5:31  Probe (Chrono Boost)  
  30  5:33  Probe (Chrono Boost)  
  32  5:42  Probe (Chrono Boost)  
  33  5:44  Probe (Chrono Boost)  
  33  5:54  Probe (Chrono Boost)  
  28  6:22  Stalker x4  
  36  6:37  Fleet Beacon  
  36  6:39  Pylon  
  36  6:41  Pylon  
  36  6:42  Pylon  
  34  7:37  Carrier  
  40  7:57  Zealot x4  
  48  8:28  Nexus  
  48  8:31  Pylon  
  46  8:52  Carrier  
  32  9:03  Photon Cannon  
  32  9:05  Photon Cannon  
  38  9:30  Gateway  
  38  9:33  Gateway  
  38  9:40  Probe (Chrono Boost)  
  39  9:50  Probe (Chrono Boost)  
  40  10:03  Probe (Chrono Boost)  
  41  10:13  Probe (Chrono Boost)  
  42  10:24  Probe (Chrono Boost)  
  43  10:32  Probe (Chrono Boost)  
  43  10:35  Probe (Chrono Boost)  
  45  10:40  Nexus  
  46  10:44  Pylon, Probe (Chrono Boost)  
  46  10:51  Probe (Chrono Boost)  
  46  10:54  Carrier  
  46  10:56  Probe (Chrono Boost)  
  48  11:02  Probe (Chrono Boost)  
  55  11:12  Probe (Chrono Boost)  
  56  11:23  Probe (Chrono Boost)  
  57  11:32  Photon Cannon  
  57  11:33  Photon Cannon  
  57  11:34  Photon Cannon  
  57  11:40  Pylon  
  57  11:43  Probe (Chrono Boost)  
  58  11:54  Probe (Chrono Boost)  
  59  12:04  Probe x2 (Chrono Boost)  
  61  12:12  Assimilator  
  61  12:15  Probe x2 (Chrono Boost)  
  63  12:17  Assimilator  
  69  12:25  Probe x2 (Chrono Boost)  
  71  12:36  Probe x2 (Chrono Boost)  
  70  12:37  Stargate  
  70  12:39  Stargate  
  70  12:41  Stargate  
  64  12:46  Probe (Chrono Boost)  
  65  13:04  Assimilator  
  65  13:08  Assimilator  
Show
View Real Time Build Order
Export as new Build Order

TimeTwist Zerg - Winner!

Build Orders: Hatch First 

Get SALT Encoding   

  12  0:03  Drone  
  13  0:15  Overlord  
  13  0:16  Drone  
  14  0:35  Drone  
  15  0:36  Drone  
  15  0:38  Drone  
  17  0:50  Hatchery, Drone  
  17  0:59  Spawning Pool  
  16  1:05  Drone  
  16  1:06  Extractor  
  16  1:12  Drone  
  17  1:20  Drone  
  18  1:28  Hatchery  
  17  1:35  Drone  
  18  1:46  Drone  
  19  1:49  Roach Warren  
  18  1:56  Drone  
  18  1:57  Queen  
  21  2:03  Queen  
  21  2:05  Drone  
  24  2:10  Overlord  
  24  2:20  Drone  
  24  2:21  Drone  
  26  2:40  Queen  
  26  2:41  Roach  
  26  2:42  Roach x3  
  26  2:43  Roach  
  38  2:48  Roach  
  38  2:50  Roach  
  42  2:54  Overlord  
  42  3:12  Queen, Overlord  
  42  3:15  Queen  
  42  3:18  Drone x2  
  42  3:19  Extractor  
  47  3:20  Drone  
  48  3:42  Drone x2  
  50  3:48  Spore Crawler  
  50  3:51  Drone x4, Spore Crawler  
  52  3:55  Queen  
  54  4:20  Drone x3  
  57  4:26  Overlord x2  
  57  4:27  Overlord  
  57  4:30  Lair  
  57  4:36  Drone  
  58  4:39  Extractor  
  58  4:41  Extractor  
  56  4:51  Hatchery  
  41  5:16  Drone  
  41  5:17  Drone  
  43  5:22  Drone x4  
  43  5:23  Drone x2  
  49  5:29  Drone x4  
  53  5:37  Roach x3  
  53  5:38  Roach x6, Hydralisk Den  
  53  5:39  Roach  
  53  5:40  Glial Reconstitution  
  53  5:42  Burrow  
  72  5:47  Drone  
  73  6:10  Muscular Augments  
  73  6:13  Hydralisk  
  73  6:14  Hydralisk x4  
  73  6:16  Hydralisk  
  73  6:17  Overlord  
  85  6:33  Roach  
  85  7:18  Drone x3, Spore Crawler  
  87  7:29  Roach x2  
  95  7:30  Roach x2  
  95  7:37  Hatchery  
  94  7:56  Ravager x2  
  94  7:58  Overlord x4  
  96  7:59  Overlord  
  96  8:02  Extractor  
  96  8:04  Drone, Extractor  
  96  8:05  Drone  
  96  8:08  Spine Crawler  
  96  8:11  Spine Crawler  
  94  8:13  Spine Crawler, Drone x2  
  94  8:14  Spine Crawler  
  94  8:16  Ravager x2  
  94  8:17  Ravager x7  
  103  8:26  Roach x3  
  103  8:27  Roach x13  
  135  8:45  Overseer x2  
  135  8:51  Drone  
  122  9:18  Hydralisk  
  122  9:19  Hydralisk x6  
  122  9:20  Hydralisk x4  
  135  9:34  Drone x3  
  138  9:40  Queen  
  140  9:50  Drone  
  141  9:56  Evolution Chamber  
  141  9:58  Tunneling Claws  
  140  10:00  Evolution Chamber  
  140  10:01  Hydralisk  
  140  10:03  Overlord x3  
  140  10:04  Overlord  
  141  10:07  Drone  
  141  10:14  Overlord x2  
  142  10:22  Drone x2  
  142  10:23  Drone  
  142  10:24  Drone x3  
  148  10:31  Zerg Ground Armor Level 1, Zerg Missile Weapons Level 1  
  148  10:33  Lurker Den  
  148  10:48  Spore Crawler  
  147  10:50  Extractor  
  147  10:51  Extractor  
  147  10:54  Infestation Pit  
  144  11:02  Roach x4, Hydralisk x3  
  144  11:03  Roach, Hydralisk x3  
  166  11:23  Overlord  
  166  11:24  Roach x3  
  166  11:25  Roach x5  
  182  11:36  Drone x2  
  182  11:37  Drone x3  
  187  11:59  Hatchery  
  186  12:34  Overlord x2  
Show
View Real Time Build Order
Export as new Build Order

Асгард Protoss 

Build Orders: Oracle Opening 

Get SALT Encoding   

  12  0:01  Probe (Chrono Boost)  
  13  0:11  Probe (Chrono Boost)  
  14  0:22  Probe (Chrono Boost)  
  14  0:25  Pylon  
  15  0:43  Probe (Chrono Boost)  
  15  0:46  Gateway  
  16  0:53  Assimilator  
  16  0:54  Probe (Chrono Boost)  
  17  0:58  Assimilator  
  17  1:04  Probe (Chrono Boost)  
  18  1:14  Gateway  
  18  1:15  Probe (Chrono Boost)  
  20  1:25  Probe (Chrono Boost)  
  20  1:34  Cybernetics Core  
  20  1:36  Probe (Chrono Boost)  
  21  1:41  Pylon  
  21  1:47  Probe (Chrono Boost)  
  22  2:12  Warp Gate  
  22  2:13  Stargate  
  24  2:17  Mothership Core (Chrono Boost)  
  24  2:24  Adept  
  24  2:27  Adept  
  30  2:53  Oracle  
  31  2:59  Pylon  
  31  3:16  Stalker  
  33  3:35  Nexus  
  33  3:39  Pylon  
  33  3:50  Stalker  
  35  4:22  Stalker  
  37  5:09  Probe (Chrono Boost)  
  37  5:10  Probe (Chrono Boost)  
  37  5:11  Void Ray  
  39  5:14  Stalker x2  
  39  5:20  Probe (Chrono Boost)  
  49  5:23  Probe (Chrono Boost)  
  49  5:39  Probe (Chrono Boost)  
  49  5:40  Probe (Chrono Boost)  
  51  5:43  Pylon  
  51  5:46  Pylon  
  52  5:50  Probe (Chrono Boost)  
  52  5:52  Assimilator  
  52  5:53  Probe (Chrono Boost)  
  53  5:57  Assimilator  
  53  6:00  Gateway x2  
  53  6:02  Gateway  
  53  6:24  Probe (Chrono Boost)  
  55  6:26  Probe (Chrono Boost)  
  55  6:35  Probe (Chrono Boost)  
  55  6:38  Probe (Chrono Boost)  
  57  6:50  Robotics Facility  
  57  7:08  Void Ray  
  61  7:17  Probe (Chrono Boost)  
  61  7:19  Probe (Chrono Boost)  
  59  7:25  Stalker x3  
  59  7:26  Stalker x2  
  59  7:28  Probe (Chrono Boost)  
  71  7:31  Probe (Chrono Boost)  
  70  7:46  Oracle  
  69  7:53  Adept x2  
  69  7:54  Adept  
  39  9:58  Pylon  
  39  10:00  Pylon  
  39  10:01  Cybernetics Core  
  39  10:04  Pylon x2  
  39  10:47  Adept  
  39  10:48  Adept x3  
  41  11:09  Adept x4  
  49  11:28  Gateway  
  49  11:30  Gateway  
  49  11:31  Gateway  
  49  11:33  Warp Prism  
  49  11:35  Gateway  
  51  11:41  Gateway  
  51  11:43  Gateway  
  45  11:58  Adept x2  
  45  11:59  Adept x2  
  51  12:03  Void Ray  
  49  12:41  Adept x3  
Show
View Real Time Build Order
Export as new Build Order

sayonara Terran 

Build Orders: 1/1/1, Liberator Opening, MMM Bio 

Get SALT Encoding   

  12  0:01  SCV  
  13  0:13  SCV  
  14  0:21  Supply Depot  
  14  0:25  SCV  
  15  0:29  Refinery  
  15  0:46  Barracks  
  15  0:52  SCV  
  16  1:03  Barracks  
  16  1:05  SCV  
  17  1:17  SCV  
  18  1:18  Refinery  
  18  1:29  SCV  
  19  1:37  Factory  
  19  1:42  Barracks Tech Lab  
  19  1:49  SCV  
  20  1:57  Barracks Reactor  
  20  2:04  SCV  
  20  2:07  Marine  
  22  2:12  Supply Depot  
  22  2:25  Starport, Marine  
  23  2:33  Factory Reactor  
  23  2:35  Marine x2  
  25  2:42  SCV  
  26  2:57  Stimpack  
  26  2:58  Marine x3  
  29  3:05  Supply Depot  
  29  3:20  Medivac  
  29  3:27  Marine  
  32  3:35  Medivac  
  32  3:37  Orbital Command  
  32  3:39  Marine x2  
  36  3:48  Supply Depot  
  36  3:58  Liberator  
  36  4:04  Marine x3  
  39  4:11  SCV  
  43  4:22  Marine x2  
  43  4:24  Factory Tech Lab  
  36  5:16  Marine  
  36  5:17  Marine x2  
  39  5:22  Siege Tank  
  42  5:34  Marine x2  
  44  5:42  Command Center  
  44  5:50  Marine  
  44  5:52  Marine x2  
  44  6:07  Marine  
  44  6:10  Marine  
  44  6:13  Marine  
  45  6:25  Marine  
  45  6:28  Marine  
  47  6:54  SCV  
  48  7:06  SCV  
  49  7:22  Barracks  
  49  7:24  Barracks  
  49  7:25  Barracks  
  49  7:26  Orbital Command  
  49  7:28  Marine x2  
  49  7:29  Marine  
  52  7:46  Marine x3  
  47  8:04  Marine x3  
  34  8:22  Marine x3  
  34  8:33  Medivac x2  
  38  8:40  SCV  
  39  8:42  SCV  
  40  8:52  SCV  
  40  8:54  SCV  
  36  9:03  Medivac  
  36  9:04  SCV  
  37  9:16  SCV  
  20  9:28  SCV  
  21  9:34  Orbital Command, Marine x4  
  27  9:58  Marine x3  
  27  9:59  Marine  
  29  10:01  Combat Shields  
  29  10:16  Marine x4  
  33  10:34  Marine x4  
  37  10:51  Marine  
  37  10:52  Marine x3  
  41  11:06  Supply Depot  
  41  11:08  Supply Depot  
  41  11:09  Marine x2  
  41  11:10  Marine x2  
  45  11:16  Engineering Bay  
  45  11:17  SCV  
  46  11:24  SCV  
  47  11:27  Marine x3  
  47  11:28  Marine  
  47  11:29  SCV  
  52  11:36  SCV  
  53  11:41  SCV  
  53  11:45  Marine x4  
  58  11:53  SCV  
  49  12:03  Marine  
  43  12:12  Marine x2  
Show
View Real Time Build Order
Export as new Build Order

CRT Protoss 

Build Orders:  

Get SALT Encoding   

  12  0:01  Probe (Chrono Boost)  
  13  0:11  Probe (Chrono Boost)  
  14  0:16  Pylon  
  14  0:20  Assimilator  
  14  0:25  Assimilator  
  14  0:28  Probe (Chrono Boost)  
  15  0:37  Gateway  
  15  0:48  Probe (Chrono Boost)  
  16  0:59  Probe (Chrono Boost)  
  16  1:02  Pylon  
  17  1:09  Probe (Chrono Boost)  
  17  1:10  Gateway  
  18  1:20  Probe (Chrono Boost)  
  18  1:25  Cybernetics Core  
  19  1:30  Probe (Chrono Boost)  
  20  1:41  Forge  
  20  1:46  Probe (Chrono Boost)  
  21  1:57  Probe (Chrono Boost)  
  22  2:03  Robotics Facility  
  22  2:08  Pylon  
  22  2:12  Mothership Core (Chrono Boost)  
  24  2:17  Photon Cannon  
  24  2:20  Protoss Ground Weapons Level 1  
  24  2:27  Stalker  
  26  2:33  Stalker  
  28  2:51  Immortal  
  32  2:55  Warp Gate  
  32  3:03  Photon Cannon  
  32  3:14  Gateway  
  32  3:15  Gateway  
  32  3:26  Stalker  
  34  3:29  Stalker  
  36  4:05  Pylon  
  36  4:06  Pylon  
  36  4:21  Immortal  
  40  4:51  Adept  
  38  5:15  Pylon  
  38  5:16  Pylon  
  38  5:40  Warp Prism  
  40  5:45  Gateway  
  40  5:46  Gateway  
  40  5:48  Gateway  
  40  6:16  Immortal  
  44  6:41  Protoss Ground Armor Level 1  
  44  6:55  Immortal  
  32  7:12  Nexus  
  32  7:15  Pylon  
  32  7:17  Pylon  
  32  7:18  Pylon  
  31  7:30  Adept  
  31  7:31  Adept x4  
  36  8:07  Adept x2  
  36  8:08  Adept x2  
  44  8:22  Twilight Council  
  23  11:05  Mothership Core (Chrono Boost)  
  25  11:29  Nexus  
Tags
 
Add a new tag
Caveats
  • Supply blocks, unpowered buildings, or Contaminate may cause inaccurate times.
  • Supply counts are checked every 10 seconds.